AoeStats
← 河北彩花

Nomad

508208160Analyzed
4v4 RM · 12d ago on Sep 21, 2026· 29m 46s· 8 players
Game mode
Random Map
Map size
231×231
Population
200
Speed
Normal
Resources
Standard
Victory
Conquest
Starting age
Dark Age
Ending age
Imperial Age
RankedLock teamsTeams togetherTeam positionsShared explorationLock speedFull tech treeHidden civsTurbo modeCheats
Victory
Defeat
🇨🇳 Berbers · China
1218
+11
🇨🇳 Wei · China
1148
+14
🇲🇴 Goths · Macao SAR China
1146
+14
🇹🇼 Vietnamese · Taiwan
1094
+16
🇨🇳 Chinese · China
1221
-18
🇩🇪 Aztecs · Germany
1082
-13
🇨🇳 Persians · China
1052
-12
1052
-12
LSHX
4:22 Loom
14:16 Feudal Age
19:11 Castle Age
17:45 Double-Bit Axe
17:55 Gold Mining
21:44 Bow Saw
21:46 Fletching
23:52 Padded Archer Armor
26:09 Wheelbarrow
26:39 Thumb Ring
27:11 Bodkin Arrow
27:31 Leather Archer Armor
32:40 Imperial Age
30:26 Hand Cart
DumboBean
5:32 Loom
14:15 Feudal Age
17:51 Double-Bit Axe
23:02 Castle Age
21:00 Fishing Lines
22:06 Gold Mining
22:29 Stone Mining
23:54 Medium Warships
23:43 Gillnets
26:27 Bow Saw
26:12 Fletching
26:23 Padded Archer Armor
mx
7:50 Loom
12:12 Feudal Age
13:39 Fishing Lines
14:49 Wheelbarrow
14:30 Double-Bit Axe
14:38 Gold Mining
16:59 Stone Mining
19:33 Castle Age
18:36 Forging
19:35 Scale Barding Armor
19:40 Horse Collar
20:58 Chain Barding Armor
20:51 Bloodlines
21:13 Bow Saw
23:09 Heavy Plow
23:33 Medium Warships
24:15 Iron Casting
河北彩花
3:53 Loom
14:13 Feudal Age
15:10 Double-Bit Axe
15:19 Man-at-Arms
15:24 Man-at-Arms
17:00 Wheelbarrow
16:51 Fishing Lines
22:03 Castle Age
20:31 Scale Mail Armor
21:03 Horse Collar
22:24 Forging
22:34 Stone Mining
23:05 Gillnets
24:17 Hand Cart
25:04 Town Watch
27:10 Gold Mining
28:00 Medium Warships
吃饭睡觉打豆豆
13:53 Feudal Age
14:33 Double-Bit Axe
15:00 Horse Collar
21:48 Castle Age
20:13 Gold Mining
20:44 Forging
22:32 Bow Saw
22:45 Heavy Plow
23:42 Fletching
24:16 Squires
26:37 Elite Skirmisher
28:12 Wheelbarrow
29:28 Hand Cart
29:11 Stone Mining
月落星河
5:01 Loom
13:28 Feudal Age
14:26 Double-Bit Axe
14:31 Town Watch
14:42 Fishing Lines
20:54 Castle Age
19:24 Bloodlines
19:15 Horse Collar
20:37 Gold Mining
20:40 Stone Mining
22:06 Scale Barding Armor
22:12 Forging
21:58 Gillnets
24:15 Wheelbarrow
24:01 Light Cavalry
25:25 Bow Saw
25:18 Heavy Plow
巨大的问号
3:22 Loom
16:01 Feudal Age
16:39 Double-Bit Axe
21:43 Castle Age
21:56 Gold Mining
22:01 Stone Mining
22:34 Medium Warships
22:38 Bow Saw
23:04 Wheelbarrow
23:19 Gold Shaft Mining
Haki D. Ruffy
4:38 Loom
15:45 Feudal Age
18:01 Town Watch
20:20 Castle Age
19:21 Forging
19:11 Scale Mail Armor
19:37 Double-Bit Axe
21:06 Gold Mining
21:30 Squires
20:53 Eagle Warrior
21:50 Bow Saw
21:22 Horse Collar
21:33 Demolition Ship
22:29 Medium Warships
23:14 Arson
24:14 Wheelbarrow
27:27 Iron Casting
27:07 Chain Mail Armor
29:45 Chain Mail Armor
Connection lost

Rejoining the realm…

Still unreachable

The connection could not be restored.

Session expired

The server has moved on; the page needs a fresh start.